 Dungeon Crawl Stone Soup version 0.31-a0-175-g9f7f995f2b (webtiles) character file.

Game seed: 12140157832097842324

4 Deathsdoor1305 the Grave Robber (level 1, -5/13 HPs)
             Began as a Mummy Necromancer on June 17, 2023.
             Killed from afar by Natasha (15 damage)
             ... with a puff of flame
             ... on level 2 of the Dungeon.
             The game lasted 00:00:48 (104 turns).

Deathsdoor1305 the Grave Robber (Mummy Necromancer)  Turns: 104, Time: 00:00:48

Health: -5/13      AC:  2    Str: 11    XL:     1   Next: 50%
Magic:  1/4        EV: 12    Int: 14    God:
Gold:   15         SH:  0    Dex: 12    Spells: 4/5 levels left

rFire   x . .        (no weapon)
rCold   + . .        (no shield)
rNeg    + + +        a - +0 robe
rPois   ∞            (no helmet)
rElec   .            (no cloak)
rCorr   .            (no gloves)
SInv    .            (no boots)
Will    .....        (no amulet)
Stlth   ++           (no ring)
HPRegen 0.22/turn    (no ring)
MPRegen 0.09/turn

%: faith
@: slowed, very slow
A: cold resistance 1, negative energy resistance 3, torment resistance 2, heat
vulnerability 1, no potions, faith
a: no special abilities


You were on level 2 of the Dungeon.
You visited 1 branch of the dungeon, and saw 2 of its levels.

You collected 15 gold pieces.

Inventory:

Armour
 a - a +0 robe (worn)


   Skills:
 + Level 1.6 Dodging
 + Level 1.5 Stealth
 + Level 2.7 Spellcasting
 + Level 4.1 Necromancy


You had 4 spell levels left.
You knew the following spells:

 Your Spells              Type           Power      Damage    Failure   Level
a - Necrotise             Necr           52%        1d6       4%          1

Your spell library contained the following spells:

 Spells                   Type           Power      Damage    Failure   Level
 Vampiric Draining        Necr           13%        2d6       12%         3
 Animate Dead             Necr           13%        N/A       36%         4
 Agony                    Necr           13%        N/A       73%         5


Dungeon Overview and Level Annotations

Branches:
Dungeon (2/15)

Altars:

Annotations:
D:2 Natasha


Innate Abilities, Weirdness & Mutations

You are immune to poison.
Your flesh is cold resistant. (rC+)
You are immune to negative energy. (rN+++)
You are immune to unholy pain and torment.
You are vulnerable to heat. (rF-)
You do not drink.
You have a special connection with the divine. (Faith)


Message History

The endoplasm barely misses your bat skeleton.
Your bat skeleton hits the endoplasm.
Your bat skeleton hits the endoplasm.
The endoplasm dies!
You now have 6 gold pieces.
Your quokka skeleton crumbles into dust!
There is a stone staircase leading down here.
Your bat skeleton crumbles into dust!
You climb downwards.
There is a stone staircase leading up here.
Magic restored.
Found a ring mail.
Found 9 gold pieces.
You see here a +0 ring mail.
You now have 15 gold pieces (gained 9).
You open the door.
Found a stone staircase leading down.
Natasha, a bat and a quokka come into view.
Natasha is carrying a wand of flame (6).
Found 17 gold pieces.
There is an open door here.
Natasha struggles to resist.
The bat writhes in agony.
You kill the bat!
The dead are flying!
Natasha casts a spell at you. The magic dart hits you.
There is an open door here.
Natasha writhes in agony.
Natasha barely misses you.
Natasha struggles to resist.
Natasha claws you.
You are out of magic!
Natasha is nearby!
Natasha zaps a wand.
The puff of flame misses you.
Natasha zaps a wand.
The puff of flame misses you.
Natasha stares at you and mumbles some strange words.
You feel yourself slow down.
You see here a +0 ring mail.
Natasha zaps a wand.
The puff of flame hits you! The fire burns you terribly!
Ouch! That really hurt!
You die...

..........# ....r.....#
..........# ..........#
.......>..# ###
.......h..# #.#####
.$........#
#.....#################'#
#.#...........@.[...h...#
#.#.#.###################
#.#.#<...# #.#....#.#
#....###.# ####.....#
#######


You could see Natasha.

Vanquished Creatures
  A quokka (D:1)
  2 bats
3 creatures vanquished.

Vanquished Creatures (collateral kills)
  An endoplasm (D:1)
1 creature vanquished.

Grand Total: 4 creatures vanquished

Notes
Turn   | Place    | Note
-------+----------+-------------------------------------------
     0 | D:1      | Deathsdoor1305 the Mummy Necromancer began the quest for
                  | the Orb.
     0 | D:1      | Reached XP level 1. HP: 13/13 MP: 4/4
    89 | D:2      | Noticed Natasha
   104 | D:2      | Killed from afar by Natasha

Illustrated notes

Levels and vault maps discovered:
D:1:      mrwooster_arrival_arrow, layout_rooms, minmay_lizard_king
D:2:      layout_basic, basic_altar, minmay_box_of_dots, uniq_robin,
          uniq_natasha

Action                     || total
---------------------------++-------
   Cast: Necrotise         ||     8
  Dodge: Dodged            ||     4

Table legend: (Time is in decaauts)
 A = Elapsed time spent in this place.
 B = Non-inter-level travel time spent in this place.
 C = Inter-level travel time spent in this place.
 D = Time resting spent in this place.
 E = Time spent auto-exploring this place.
 F = Levels seen in this place.
 G = Mean time per level.
                   A        B        C        D        E       F      G
               +--------+--------+--------+--------+--------+-----+--------+
         Total |    104 |     32 |     72 |      0 |      0 |   2 |   52.0 |
       Dungeon |    104 |     32 |     72 |      0 |      0 |   2 |   52.0 |
               +--------+--------+--------+--------+--------+-----+--------+

Top non-repeatable levels by time:
     D:2: 54 daAuts
     D:1: 50 daAuts
